Map: World of Sleepers LE

Players

ViBE - Winner!

  • Race: Protoss Protoss
  • League: Diamond
  • Spawn Location: 7:00

Queen

  • Race: Zerg Zerg
  • Spawn Location: 1:00

VOD

Have the link to the VOD?

Description

Time

  • Played on: Dec. 18, 2019, 8:20 p.m.
  • Length: 18:18
Show
View Real Time Build Order
Export as new Build Order

ViBE Protoss - Winner!

Build Orders: 1 Gate Expand, Archon Immortal 

Get SALT Encoding   

  12  0:01  Probe  
  13  0:13  Probe  
  14  0:23  Pylon  
  14  0:25  Probe  
  15  0:41  Probe  
  16  0:50  Gateway  
  16  0:53  Probe  
  16  0:55  Assimilator  
  17  1:05  Probe (Chrono Boost)  
  18  1:15  Probe (Chrono Boost)  
  19  1:20  Probe (Chrono Boost)  
  20  1:32  Probe  
  21  1:33  Nexus  
  21  1:41  Cybernetics Core  
  21  1:44  Probe  
  22  1:49  Pylon  
  22  1:56  Probe  
  22  1:57  Assimilator  
  23  2:09  Probe  
  24  2:21  Probe  
  25  2:23  Adept  
  25  2:24  Warp Gate  
  27  2:33  Probe  
  28  2:42  Robotics Facility  
  28  2:45  Probe (Chrono Boost), Gateway  
  28  2:48  Probe (Chrono Boost)  
  30  2:53  Adept  
  30  2:56  Probe (Chrono Boost)  
  30  2:58  Probe (Chrono Boost)  
  34  3:01  Probe (Chrono Boost)  
  34  3:02  Probe (Chrono Boost)  
  36  3:06  Pylon  
  37  3:12  Probe  
  37  3:14  Probe  
  38  3:25  Probe  
  38  3:26  Probe  
  42  3:34  Sentry, Assimilator  
  44  3:35  Assimilator  
  44  3:36  Sentry  
  44  3:37  Probe  
  44  3:38  Probe  
  44  3:39  Immortal  
  50  3:48  Pylon  
  50  3:52  Pylon  
  50  3:56  Pylon  
  50  4:03  Probe x2  
  52  4:14  Sentry x2  
  52  4:15  Probe x2 (Chrono Boost)  
  58  4:22  Shield Battery  
  60  4:25  Immortal, Probe x2 (Chrono Boost)  
  64  4:37  Nexus  
  64  4:42  Pylon  
  64  4:53  Probe (Chrono Boost)  
  64  4:54  Probe (Chrono Boost)  
  64  4:58  Pylon  
  66  5:04  Stalker x2  
  66  5:05  Probe (Chrono Boost), Pylon  
  66  5:06  Probe (Chrono Boost)  
  72  5:08  Pylon  
  72  5:10  Probe (Chrono Boost)  
  72  5:11  Probe (Chrono Boost)  
  74  5:19  Immortal  
  74  5:20  Probe  
  79  5:26  Twilight Council  
  79  5:29  Forge  
  79  5:31  Probe (Chrono Boost)  
  79  5:32  Probe (Chrono Boost)  
  81  5:38  Assimilator  
  82  5:43  Probe (Chrono Boost)  
  82  5:44  Probe (Chrono Boost), Assimilator  
  83  5:50  Probe (Chrono Boost)  
  83  5:52  Probe (Chrono Boost)  
  83  5:55  Probe  
  85  5:57  Probe  
  85  5:58  Observer  
  85  6:02  Templar Archives  
  89  6:04  Protoss Ground Weapons Level 1 (Chrono Boost), Probe (Chrono Boost)  
  89  6:05  Gateway  
  89  6:07  Charge, Probe (Chrono Boost)  
  89  6:08  Gateway  
  89  6:10  Probe (Chrono Boost)  
  91  6:18  Probe (Chrono Boost)  
  93  6:19  Probe x2 (Chrono Boost)  
  93  6:23  Probe (Chrono Boost)  
  95  6:26  Probe  
  96  6:33  Nexus  
  96  6:37  Photon Cannon  
  96  6:38  Shield Battery  
  96  6:40  Photon Cannon  
  96  6:42  Shield Battery  
  96  6:43  Adept x2  
  87  6:56  Probe (Chrono Boost)  
  87  6:57  Probe (Chrono Boost)  
  87  7:03  Probe (Chrono Boost)  
  87  7:05  Immortal  
  87  7:06  Probe x2 (Chrono Boost)  
  92  7:12  High Templar x4  
  92  7:14  Probe x2  
  101  7:18  Probe  
  103  7:26  Probe  
  103  7:29  Archon  
  104  7:30  Archon  
  104  7:32  Probe x2  
  104  7:33  Nexus  
  106  7:38  Probe  
  106  7:39  Robotics Facility  
  111  7:44  Immortal  
  111  7:45  High Templar x3  
  111  7:46  High Templar  
  111  7:49  Archon x2  
  111  7:50  Probe x3  
  118  8:09  Probe x3  
  121  8:15  Pylon  
  121  8:18  Photon Cannon  
  121  8:19  Pylon  
  121  8:20  Photon Cannon  
  121  8:21  Probe x3  
  121  8:22  Photon Cannon  
  121  8:25  Shield Battery  
  121  8:26  Photon Cannon  
  124  8:27  Shield Battery  
  124  8:33  Probe x3  
  127  8:34  High Templar x3  
  127  8:37  High Templar  
  127  8:41  Archon  
  135  8:42  Archon  
  135  8:45  Probe  
  135  8:46  Probe x2  
  138  8:57  Probe  
  123  9:09  Protoss Ground Weapons Level 2 (Chrono Boost)  
  105  9:10  Zealot  
  105  9:11  Zealot x3  
  105  9:12  Immortal  
  105  9:13  Immortal  
  91  9:32  Robotics Bay  
  91  9:39  Photon Cannon  
  91  9:42  Photon Cannon  
  91  9:43  Shield Battery  
  91  9:44  Stalker x4  
  99  9:47  Assimilator  
  99  9:54  Gateway  
  99  9:55  Gateway  
  99  9:56  Gateway  
  99  9:58  Blink  
  99  9:59  Immortal x2, Gateway  
  99  10:03  Robotics Bay  
  107  10:11  Probe x4  
  111  10:22  Extended Thermal Lance (Chrono Boost)  
  111  10:23  Colossus x2  
  111  10:25  Probe  
  111  10:27  Nexus  
  112  10:30  Pylon  
  112  10:31  Stalker x2  
  112  10:33  Stalker, Pylon  
  112  10:34  Stalker  
  117  10:37  Probe x3  
  132  10:55  Stalker x5  
  132  10:56  Zealot  
  136  11:04  Probe x4  
  139  11:16  Probe  
  139  11:17  Probe x3, Immortal (Chrono Boost)  
  139  11:18  Immortal (Chrono Boost)  
  121  11:36  Zealot x6  
  121  11:37  Zealot x2  
  110  11:50  Protoss Ground Weapons Level 3 (Chrono Boost)  
  110  11:52  Probe x4  
  110  11:53  Observer x2 (Chrono Boost)  
  111  12:03  Probe  
  111  12:04  Probe x4  
  111  12:05  Stalker  
  111  12:06  Stalker x3  
  111  12:07  Stalker x2  
  111  12:08  Stalker, Observer x2  
  133  12:15  Probe  
  133  12:16  Probe x2  
  135  12:23  Probe x2  
  135  12:26  Pylon  
  135  12:27  Probe  
  135  12:28  Assimilator  
  135  12:29  Photon Cannon  
  138  12:32  Photon Cannon  
  138  12:34  Shield Battery  
  138  12:37  Shield Battery  
  138  12:39  Probe x2  
  138  12:41  Photon Cannon  
  138  12:43  Colossus (Chrono Boost)  
  138  12:44  Colossus (Chrono Boost)  
  140  12:45  Assimilator  
  140  12:49  Assimilator  
  140  12:55  High Templar x3  
  140  12:56  Zealot x2, High Templar  
  140  12:58  Zealot  
  166  13:00  Archon x2  
  166  13:01  Zealot  
  168  13:32  Nexus  
  168  13:33  Pylon  
  168  13:35  Immortal x2 (Chrono Boost), Pylon  
  168  13:39  Zealot  
  175  13:44  Pylon  
  175  13:46  Pylon  
  123  13:56  Zealot x2  
  123  13:57  Zealot x5  
  123  14:01  Probe x4  
  131  14:05  Pylon  
  131  14:08  Pylon  
  131  14:12  Robotics Facility  
  130  14:17  Zealot x4  
  130  14:18  Zealot x3  
  130  14:19  Zealot  
  145  14:24  Photon Cannon  
  145  14:26  Photon Cannon  
  145  14:28  Shield Battery  
  145  14:32  Photon Cannon  
  145  14:36  Photon Cannon  
  145  14:39  Shield Battery  
  145  14:47  High Templar x5  
  145  14:48  High Templar x3  
  145  14:49  Immortal x2  
  145  14:51  Archon x2  
  145  14:52  Archon x2  
  169  15:00  Protoss Ground Armor Level 1 (Chrono Boost)  
  167  15:13  Photon Cannon  
  167  15:14  Photon Cannon  
  167  15:17  Photon Cannon  
  167  15:19  Photon Cannon  
  167  15:22  High Templar x2, Photon Cannon  
  167  15:23  High Templar x3  
  167  15:24  Photon Cannon, High Templar  
  167  15:25  Shield Battery, High Templar x2  
  183  15:29  Archon x3  
  183  15:30  Archon, Shield Battery  
  183  15:32  Shield Battery  
  183  15:35  Shield Battery  
  183  15:39  Assimilator  
  183  15:44  Immortal x3, Assimilator  
  183  15:48  Shield Battery  
  189  16:44  Zealot x3  
  189  16:45  Zealot x5  
  189  16:47  Immortal  
  175  17:08  Probe  
  175  17:09  Probe x3  
  175  17:10  Probe  
  180  17:20  Immortal x2  
Show
View Real Time Build Order
Export as new Build Order

Queen Zerg 

Build Orders: Hatch First, Lurkers 

Get SALT Encoding   

  12  0:01  Drone  
  13  0:12  Overlord  
  13  0:17  Drone  
  14  0:31  Drone x2  
  14  0:35  Drone  
  17  0:52  Hatchery  
  17  0:55  Drone  
  17  1:00  Drone  
  18  1:09  Extractor  
  17  1:17  Spawning Pool  
  16  1:18  Drone  
  16  1:19  Drone  
  18  1:29  Drone  
  19  1:42  Drone  
  20  1:54  Drone  
  20  1:57  Hatchery  
  20  2:04  Queen  
  20  2:08  Queen  
  22  2:15  Metabolic Boost  
  25  2:22  Drone  
  25  2:23  Overlord  
  25  2:31  Drone  
  25  2:35  Zergling x4  
  28  2:49  Drone  
  28  2:50  Drone, Pneumatized Carapace  
  30  2:52  Drone x2  
  32  3:00  Drone  
  33  3:05  Queen  
  33  3:07  Overlord  
  33  3:10  Drone  
  36  3:25  Drone  
  36  3:26  Drone x6  
  43  3:31  Queen  
  46  3:41  Zergling x4  
  46  3:44  Drone  
  46  3:45  Overlord, Drone  
  46  3:48  Drone  
  50  4:11  Lair  
  50  4:14  Overlord x2, Extractor, Drone x6  
  50  4:15  Drone x2  
  50  4:16  Extractor  
  56  4:18  Roach Warren  
  55  4:25  Drone x3  
  58  4:33  Overlord  
  59  4:47  Baneling Nest  
  59  4:49  Drone  
  59  4:50  Drone x10  
  59  4:52  Overlord x2  
  69  4:57  Zergling x2  
  70  5:15  Extractor  
  70  5:16  Hydralisk Den  
  68  5:22  Zergling x2  
  68  5:23  Drone, Zergling x18  
  79  5:41  Centrifical Hooks  
  79  5:52  Grooved Spines  
  79  5:53  Hydralisk  
  79  5:54  Hydralisk x4  
  79  5:55  Overlord  
  79  5:56  Overlord x6  
  89  5:58  Drone  
  89  6:01  Extractor, Hatchery  
  88  6:13  Evolution Chamber  
  87  6:24  Hydralisk x7  
  87  6:25  Hydralisk x2  
  105  6:30  Drone x3  
  105  6:31  Drone x4  
  112  6:51  Hydralisk x7  
  119  7:05  Muscular Augments  
  118  7:10  Zergling x2  
  118  7:11  Zergling x22  
  118  7:14  Queen  
  128  7:17  Baneling x3  
  128  7:18  Baneling  
  128  7:23  Hydralisk x3  
  128  7:24  Zergling x2  
  135  7:33  Lurker Den  
  134  7:43  Baneling x7  
  134  7:45  Zergling x2  
  134  7:46  Zergling x18  
  134  7:47  Drone x2  
  146  7:54  Hatchery  
  143  8:17  Zergling x2  
  143  8:18  Zergling x14  
  143  8:19  Overlord x5  
  151  8:23  Overlord x2  
  151  8:24  Overlord  
  151  8:32  Extractor  
  150  8:42  Baneling  
  150  8:43  Baneling x18  
  150  8:44  Zergling x6  
  150  8:45  Zergling x12, Hatchery  
  101  9:15  Zergling x4  
  101  9:16  Zergling x24  
  104  9:22  Queen  
  106  9:24  Queen  
  106  9:30  Extractor, Drone  
  106  9:31  Drone x7  
  115  9:37  Lurker x6  
  121  9:40  Overseer  
  121  9:42  Hydralisk x6  
  133  9:47  Zerg Missile Weapons Level 1  
  133  9:54  Drone x3  
  133  9:55  Evolution Chamber  
  135  10:02  Hydralisk x4  
  135  10:03  Hydralisk x2  
  135  10:05  Zergling x2  
  135  10:06  Zergling x4  
  150  10:14  Baneling x3  
  150  10:30  Infestation Pit  
  148  10:38  Baneling x3  
  148  10:39  Baneling x3  
  148  10:46  Baneling  
  148  10:47  Baneling x17  
  148  10:48  Zergling x2  
  148  10:49  Zergling x40  
  154  11:24  Lurker x2  
  104  11:53  Hydralisk  
  98  11:54  Hydralisk x12  
  98  11:55  Hydralisk x5  
  98  11:56  Zergling x2  
  98  11:57  Zergling x10  
  140  12:04  Drone x4  
  144  12:11  Drone x7  
  146  12:22  Lurker  
  146  12:23  Lurker x4  
  146  12:29  Lurker  
  148  12:32  Lurker  
  149  12:37  Extractor  
  149  12:39  Hatchery, Spore Crawler  
  149  12:42  Spore Crawler  
  149  12:43  Spore Crawler  
  144  12:48  Lurker x3  
  147  13:04  Hydralisk x6  
  159  13:23  Zerg Missile Weapons Level 2  
  152  13:35  Zergling x2  
  152  13:36  Zergling x36  
  152  13:37  Zergling x26  
  145  14:01  Spire  
  114  14:23  Hydralisk  
  114  14:24  Hydralisk x22  
  153  14:32  Spore Crawler  
  153  14:33  Baneling  
  153  14:34  Baneling x5  
  153  14:45  Drone x2  
  153  14:46  Drone x4  
  158  15:00  Extractor  
  158  15:01  Extractor, Spore Crawler  
  158  15:02  Lurker  
  158  15:03  Lurker x5  
  160  15:08  Spore Crawler  
  160  15:09  Spore Crawler  
  160  15:11  Spore Crawler x2  
  156  15:22  Hive  
  156  15:30  Lurker x5  
  161  15:47  Lurker x3  
  164  16:13  Hatchery  
  162  16:24  Spore Crawler  
  160  16:27  Spore Crawler  
  159  16:38  Baneling x2  
  159  16:39  Baneling x4  
  113  16:56  Hydralisk  
  113  16:57  Hydralisk x23  
Tags
 
Add a new tag
Caveats
  • Supply blocks, unpowered buildings, or Contaminate may cause inaccurate times.
  • Supply counts are checked every 10 seconds.